 Dungeon Crawl Stone Soup version 0.31-a0-221-gbddc013574 (webtiles) character file.

Game seed: 7898450238777057729

1372192 Ge0ff the Cruncher (level 27, 290/290 HPs)
             Began as an Armataur Earth Elementalist on July 4, 2023.
             Was the Champion of Ashenzari.
             Escaped with the Orb
             ... and 3 runes on July 5, 2023!
             The game lasted 04:41:41 (118640 turns).

Ge0ff the Cruncher (Armataur Earth Elementalist)  Turns: 118640, Time: 04:41:42

Health: 290/290    AC: 17    Str: 19    XL:     27
Magic:  47/47      EV: 17    Int: 31    God:    Ashenzari [******]
Gold:   1897       SH: 24    Dex: 14    Spells: 6/67 levels left

rFire   + . .        a - staff of Ouranomancy (curse) {Conj, Melee, Elem} (curse)
rCold   + + +        Q - +5 kite shield of Ouranomancy {reflect, Evo, Fort} (curse)
rNeg    + . .        A - +2 robe "Circumscribed Together" {rC+ rF+, Self, Fort} (curse)
rPois   +            Y - +0 helmet of the Eternal Seeker {Self, Range} (curse)
rElec   .            i - scarf of Cremastomancy {shadows, Str+2 Int+4 SInv, Fort, Cun} (curse)
rCorr   .            x - +2 pair of gloves of the Fated Negation {Dex+3, Fort, Bglg} (curse)
SInv    +            r - +0 barding "Lashed Burden" {Cun, Elem} (curse)
Will    ++++.        h - amulet of the Shattered Moon {RegenMP rC+ rN+ Dex+4, Evo, Self} (curse)
Stlth   +            L - ring "Boredom of Ashenzari" {rPois Int+3, Comp, Self} (curse)
HPRegen 0.68/turn    D - ring "Ensconced Desperation" {rC+ Will+ EV+5 Dex-4, Elem, Bglg} (curse)
MPRegen 0.70/turn

%: reflection, clarity, roll
@: studying Unarmed Combat
A: large, rugged brown scales 3, deformed body, armoured tail, roll, long
tongue, awkward tongue, large bone plates 1, clarity, dopey 1, strong-willed 1,
robust 1
0: Orb of Zot
}: 3/15 runes: serpentine, barnacled, silver
a: Renounce Religion, Shatter the Chains


You escaped.
You worshipped Ashenzari.
Ashenzari was exalted by your worship.
You visited 11 branches of the dungeon, and saw 51 of its levels.
You visited the Abyss 1 time.
You also visited: Trove, Sewer, Ossuary, Bailey, Gauntlet, Ice Cave, Volcano, Wizlab and Desolation.

You collected 8616 gold pieces.
You spent 6719 gold pieces at shops.

Inventory:

Missiles
 g - 9 throwing nets {=F}
 v - 6 curare-tipped darts {=F}
Armour
 i - the cursed scarf of Cremastomancy (worn) {shadows, Str+2 Int+4 SInv, Fort, Cun}
   (You found it on level 3 of the Elven Halls)

   Str:       It affects your strength (+2).
   Int:       It affects your intelligence (+4).
   SInv:      It lets you see invisible.
   It has a curse which improves the following skills: Fortitude: Armour and
   Shields.
   Cunning:   Dodging and Stealth.
 r - the cursed +0 barding "Lashed Burden" (worn) {Cun, Elem}
   (You took it off a naga ritualist on level 4 of the Snake Pit)

   It has a curse which improves the following skills: Cunning: Dodging and
   Stealth.
   Elements:  Fire Magic, Ice Magic, Air Magic and Earth Magic.
 w - the +4 moon troll leather armour {Spirit, Regen++ MP+5}
   (You took it off a moon troll in a wizard's laboratory)

   MP:        It affects your magic capacity (+5).
   Regen:     It increases your rate of health regeneration.
 x - the cursed +2 pair of gloves of the Fated Negation (worn) {Dex+3, Fort, Bglg}
   (You found it in the Desolation of Salt)

   It has a curse which improves the following skills: Fortitude: Armour and
   Shields.
   Beguiling: Conjurations, Hexes and Translocations.
 A - the cursed +2 robe "Circumscribed Together" (worn) {rC+ rF+, Self, Fort}
   (You took it off an orc sorcerer on level 1 of the Orcish Mines)

   It has a curse which improves the following skills: Introspection: Fighting
   and Spellcasting.
   Fortitude: Armour and Shields.
 G - the +2 cloak "Qaulomn" {Rampage rElec Str+2}
   (You found it on level 5 of the Vaults)

   Str:       It affects your strength (+2).
   rElec:     It insulates you from electricity.
   Rampage:   It bestows one free step when moving towards enemies.
 Q - the cursed +5 kite shield of Ouranomancy (worn) {reflect, Evo, Fort}
   (You took it off Donald on level 1 of the Snake Pit)

   It has a curse which improves the following skills: Evocations: Evocations.
   Fortitude: Armour and Shields.
 Y - the cursed +0 helmet of the Eternal Seeker (worn) {Self, Range}
   (You found it on level 8 of the Dungeon)

   It has a curse which improves the following skills: Introspection: Fighting
   and Spellcasting.
   Ranged Combat: Ranged Weapons and Throwing.
Magical Staves
 a - the cursed staff of Ouranomancy (weapon) {Conj, Melee, Elem}
   (You acquired it on level 5 of the Dungeon)

   [staff of conjuration]

   Base accuracy: +5 Base damage: 5 Base attack delay: 1.2 This weapon's minimum
   attack delay (0.6) is reached at skill level 12.
   Conj:      It increases the power of your Conjurations spells.
   It falls into the 'Staves' category.
   It is a one-handed weapon.
   It has a curse which improves the following skills: Melee Combat: Short
   Blades, Long Blades, Axes, Maces & Flails, Polearms, Staves and Unarmed
   Combat.
   Elements:  Fire Magic, Ice Magic, Air Magic and Earth Magic.
Jewellery
 h - the cursed amulet of the Shattered Moon (around neck) {RegenMP rC+ rN+ Dex+4, Evo, Self}
   (You took it off an orc on level 9 of the Dungeon)

   [amulet of magic regeneration]

   It increases your rate of magic regeneration.
   Dex:       It affects your dexterity (+4).
   rC:        It protects you from cold.
   rN:        It protects you from negative energy.
   It has a curse which improves the following skills: Evocations: Evocations.
   Introspection: Fighting and Spellcasting.
 y - the ring "Miagriph" {Contam rElec EV+5 Int+6}
   (You found it in a treasure trove)

   [ring of evasion]

   EV:        It affects your evasion (+5).
   Int:       It affects your intelligence (+6).
   rElec:     It insulates you from electricity.
   Contam:    It causes magical contamination when unequipped.
 D - the cursed ring "Ensconced Desperation" (right hand) {rC+ Will+ EV+5 Dex-4, Elem, Bglg}
   (You found it in a bailey)

   [ring of evasion]

   EV:        It affects your evasion (+5).
   Dex:       It affects your dexterity (-4).
   rC:        It protects you from cold.
   Will:      It increases your willpower.
   It has a curse which improves the following skills: Elements: Fire Magic, Ice
   Magic, Air Magic and Earth Magic.
   Beguiling: Conjurations, Hexes and Translocations.
 L - the cursed ring "Boredom of Ashenzari" (left hand) {rPois Int+3, Comp, Self}
   (You took it off a vault sentinel on level 5 of the Vaults)

   [ring of poison resistance]

   Int:       It affects your intelligence (+3).
   rPois:     It protects you from poison.
   It has a curse which improves the following skills: Companions: Summonings
   and Necromancy.
   Introspection: Fighting and Spellcasting.
Wands
 d - a wand of digging (22)
 f - a wand of flame (193)
 j - a wand of acid (11)
 k - a wand of iceblast (14)
 p - a wand of paralysis (37)
 s - a wand of mindburst (70)
 P - a wand of polymorph (36)
Scrolls
 m - 6 scrolls of revelation
 B - 10 scrolls of blinking
 C - 6 scrolls of poison
 E - 6 scrolls of fear
 F - 16 scrolls of fog
 J - a scroll of silence {!r}
 S - 7 scrolls of butterflies
 T - 30 scrolls of teleportation
 V - 5 scrolls of vulnerability
Potions
 o - 6 potions of ambrosia
 q - 30 potions of curing
 u - 16 potions of mutation {!q}
 z - 9 potions of brilliance
 H - 4 potions of haste {!q}
 I - 2 potions of invisibility
 K - 2 potions of magic {!q}
 M - 10 potions of might
 N - 8 potions of cancellation {!q}
 R - 3 potions of resistance
 W - 2 potions of heal wounds {!q}
 X - 7 potions of enlightenment
 Z - 4 potions of berserk rage {!q}
Miscellaneous
 c - a condenser vane
 l - a lightning rod (1/4)
 n - a phial of floods
 O - a box of beasts
 U - a phantom mirror


   Skills:
 - Level 14.9(20.5) Fighting
 - Level 14.9(17.2) Staves
 - Level 7.4(10.0) Throwing
 + Level 4.1(9.1) Armour
 + Level 7.6(11.2) Dodging
 + Level 3.7(6.9) Stealth
 - Level 14.9(20.5) Shields
 - Level 14.9(20.5) Spellcasting
 - Level 14.9(18.4) Conjurations
 - Level 4.6(8.0) Hexes
 - Level 14.7(17.1) Summonings
 - Level 14.7(17.1) Necromancy
 - Level 6.3(10.0) Translocations
 - Level 14.9 Transmutations
 - Level 6.1(10.7) Fire Magic
 - Level 3.1(7.0) Air Magic
 - Level 14.9(19.5) Earth Magic
 - Level 2.6 Poison Magic
 - Level 14.9(18.4) Evocations


You had 6 spell levels left.
You knew the following spells:

 Your Spells              Type           Power      Damage    Failure   Level
a - Sublimation of Blood  Necr           95%        N/A       0%          2
d - Iskenderun's Mystic   Conj/Tloc      100%       2d19      1%          4
f - Mephitic Cloud        Conj/Pois/Air  94%        N/A       1%          3
g - Apportation           Tloc           100%       N/A       1%          1
h - Lee's Rapid Deconstr  Erth           50%        3d24*     0%          5
j - Orb of Destruction    Conj           60%        9d15      1%          7
k - Stone Arrow           Conj/Erth      100%       3d13      0%          3
m - Lehudib's Crystal Sp  Conj/Erth      61%        10d14     3%          8
p - Passage of Golubria   Tloc           76%        N/A       1%          4
s - Spellforged Servitor  Conj/Summ      59%        N/A       1%          7
w - Passwall              Tmut/Erth      79%        N/A       0%          2
y - Yara's Violent Unrav  Hex/Tmut       40%        3d16      1%          5
C - Fireball              Conj/Fire      55%        3d21      1%          5
E - Irradiate             Conj/Tmut      58%        3d31      1%          5

Your spell library contained the following spells:

 Spells                   Type           Power      Damage    Failure   Level
 Beastly Appendage        Tmut           100%       N/A       0%          1
 Kiss of Death            Conj/Necr      100%       2d13      0%          1
 Magic Dart               Conj           100%       1d8       0%          1
 Necrotise                Necr           100%       1d9       0%          1
 Sandblast                Erth           100%       2d20      0%          1
 Shock                    Conj/Air       100%       1d9       0%          1
 Summon Small Mammal      Summ           100%       N/A       0%          1
 Call Imp                 Summ           100%       N/A       0%          2
 Momentum Strike          Conj/Tloc      100%       3d10      0%          2
 Searing Ray              Conj           100%       2d8       0%          2
 Wereblood                Tmut           90%        N/A       0%          2
 Vampiric Draining        Necr           95%        2d12      0%          3
 Animate Armour           Summ/Erth      100%       N/A       0%          4
 Animate Dead             Necr           95%        N/A       0%          4
 Dispel Undead            Necr           95%        3d30      0%          4
 Petrify                  Tmut/Erth      95%        N/A       0%          4
 Freeze                   Ice            100%       1d10      1%          1
 Sting                    Tmut/Pois      100%       1d8       1%          1
 Cigotuvi's Dreadful Rot  Necr/Pois/Air  100%       N/A       1%          2
 Ensorcelled Hibernation  Hex/Ice        100%       N/A       1%          2
 Lesser Beckoning         Tloc           100%       N/A       1%          2
 Poisonous Vapours        Pois/Air       100%       N/A       1%          2
 Confusing Touch          Hex            69%        N/A       1%          3
 Dazzling Flash           Conj/Hex       100%       N/A       1%          3
 Hailstorm                Conj/Ice       95%        3d19      1%          3
 Ignite Poison            Fire/Tmut/Pois 74%        N/A       1%          3
 Inner Flame              Hex/Fire       74%        N/A       1%          3
 Spider Form              Tmut/Pois      72%        N/A       1%          3
 Summon Guardian Golem    Hex/Summ       83%        N/A       1%          3
 Swiftness                Air            66%        N/A       1%          3
 Tukima's Dance           Hex            69%        N/A       1%          3
 Vhi's Electric Charge    Tloc/Air       100%       N/A       1%          3
 Volatile Blastmotes      Fire/Tloc      100%       2d18      1%          3
 Airstrike                Air            33%        2d(5-21)  1%          4
 Anguish                  Hex/Necr       41%        N/A       1%          4
 Cause Fear               Hex            34%        N/A       1%          4
 Flame Wave               Conj/Fire      100%       2d21      1%          4
 Fulminant Prism          Conj/Hex       53%        3d23      1%          4
 Ice Form                 Ice/Tmut       69%        N/A       1%          4
 Leda's Liquefaction      Hex/Erth       43%        N/A       1%          4
 Manifold Assault         Tloc           76%        N/A       1%          4
 Sticky Flame             Conj/Fire      100%       2d11      1%          4
 Summon Ice Beast         Ice/Summ       72%        N/A       1%          4
 Summon Lightning Spire   Summ/Air       82%        N/A       1%          4
 Alistair's Intoxication  Tmut/Pois      48%        N/A       1%          5
 Arcjolt                  Conj/Air       52%        1d62      1%          5
 Blade Hands              Tmut           45%        N/A       1%          5
 Borgnjor's Vile Clutch   Necr/Erth      49%        N/A       1%          5
 Iskenderun's Battlesphe  Conj           100%       2d15      1%          5
 Silence                  Hex/Air        34%        N/A       1%          5
 Summon Forest            Summ/Tloc      43%        N/A       1%          5
 Summon Mana Viper        Hex/Summ       83%        N/A       1%          5
 Conjure Ball Lightning   Conj/Air       52%        3x3d18    1%          6
 Death Channel            Necr           47%        N/A       1%          6
 Leda's Unmaking          Conj/Erth      61%        9d10      1%          6
 Starburst                Conj/Fire      55%        6d15      1%          6
 Statue Form              Tmut/Erth      63%        N/A       1%          6
 Summon Cactus Giant      Summ           47%        N/A       1%          6
 Frozen Ramparts          Ice            72%        1d11      3%          3
 Dispersal                Tloc           38%        N/A       3%          6
 Olgreb's Toxic Radiance  Pois           48%        N/A       4%          4
 Plasma Beam              Fire/Air       36%        2x1d49    5%          6
 Simulacrum               Ice/Necr       36%        N/A       5%          6
 Eringya's Noxious Bog    Tmut/Pois      36%        N/A       6%          6
 Haunt                    Necr/Summ      47%        N/A       1%          7
 Summon Hydra             Summ           47%        N/A       1%          7
 Dragon Form              Tmut           45%        N/A       2%          7
 Malign Gateway           Summ/Tloc      43%        N/A       4%          7
 Infestation              Necr           47%        N/A       9%          8
 Summon Horrible Things   Summ           47%        N/A       9%          8
 Storm Form               Tmut/Air       39%        N/A       13%         7
 Necromutation            Tmut/Necr      46%        N/A       13%         8
 Shatter                  Erth           50%        3d38*     43%         9
 Ignition                 Fire           39%        3d12      75%         8
 Dragon's Call            Summ           47%        N/A       78%         9
 Disjunction              Tloc           38%        N/A       83%         8
 Discord                  Hex            34%        N/A       98%         8
 Maxwell's Capacitive Co  Air            33%        ∞         99%         8
 Ozocubu's Refrigeration  Ice            18%        4d11      100%        7
 Chain Lightning          Conj/Air       52%        3d70      100%        9
 Polar Vortex             Ice            18%        N/A       100%        9


Dungeon Overview and Level Annotations

Branches:
Dungeon (15/15)            Temple (1/1) D:7            Lair (5/5) D:9
 Shoals (4/4) Lair:2        Snake (4/4) Lair:3        Slime (0/5) Lair:5
    Orc (2/2) D:11            Elf (3/3) Orc:2        Vaults (5/5) D:14
  Crypt (3/3) Vaults:3       Tomb (0/3) Crypt:3      Depths (4/4) D:15
    Zot (5/5) Depths:4      Sewer (visited)         Ossuary (visited)
 Bailey (visited)           IceCv (visited)         Volcano (visited)
 WizLab (visited)         Desolation (visited)      Gauntlet (visited)

Altars:
Ashenzari
Cheibriados
Dithmenos
Elyvilon
Fedhas
Gozag
Hepliaklqana
Kikubaaqudgha
Makhleb
Nemelex Xobeh
Okawaru
Qazlal
Ru
Sif Muna
Trog
Uskayaw
Vehumet
Wu Jian
Xom
Yredelemnul
Zin
The Shining One
Jiyva
Lugonu

Shops:
D:13 [   Orc:2 :*[(   Elf:3 (   Shoals:2 *   Snake:1 *   Vaults:1 ?
Vaults:2 (   Vaults:4 !   Depths:3 (

Portals:
Hell: Depths:1 Depths:2 Depths:3 Depths:4
Abyss: Lair:5 Depths:1 Depths:3
Pandemonium: Depths:2 Depths:4
Ziggurat: Depths:4


Innate Abilities, Weirdness & Mutations

You are completely covered in rugged brown scales. (AC +3, +7% HP)
Armour fits poorly on your strangely shaped body.
You have a long armoured tail.
You roll when moving toward enemies. (Rampage)
Your long tongue fully drains potion bottles. (2x potion effects)
Your tongue gives you trouble enunciating. (1.5x scroll delay)
You are partially covered in large bone plates. (SH +4)
You possess an exceptional clarity of mind.
You are dopey. (Int -2)
You are strong-willed. (Will+)
You are robust. (+10% HP)


Message History

You climb upwards.
There is a stone staircase leading down here.
A chaos spawn comes into view.
There is a stone staircase leading up here.
You climb upwards.
There is a stone staircase leading down here.
(D) Dungeon (T) Temple (L) Lair (A) Shoals (P) Snake Pit (M) Slime Pits (O) Orcish Mines (E) Elven Halls (V) Vaults (C) Crypt (W) Tomb (U) Depths (H) Hell (Z) Zot
Where to? (Enter - D:1 @ (x,y), ? - help)
You see here a +0 short sword.
Things that are here:
a +0 leather armour; a +0 whip A ynoxinul comes into view.
You roll towards the ynoxinul!
The ynoxinul gestures.
You feel a surge of power!
The crystal spear hits the ynoxinul!!!!
You kill the ynoxinul!
The ufetubus disappears in a puff of smoke! x2
(D) Dungeon (T) Temple (L) Lair (A) Shoals (P) Snake Pit (M) Slime Pits (O) Orcish Mines (E) Elven Halls (V) Vaults (C) Crypt (W) Tomb (U) Depths (H) Hell (Z) Zot
Where to? (Enter - D:1 @ (x,y), ? - help)
You sense a monster nearby.
There is a stone staircase leading up here.
Magic restored.
You climb upwards.
There is a stone staircase leading down here.
(D) Dungeon (T) Temple (L) Lair (A) Shoals (P) Snake Pit (M) Slime Pits (O) Orcish Mines (E) Elven Halls (V) Vaults (C) Crypt (W) Tomb (U) Depths (H) Hell (Z) Zot
Where to? (Enter - D:1 @ (x,y), ? - help)
You sense a monster nearby.
There is a stone staircase leading up here.
You climb upwards.
There is a stone staircase leading down here.
(D) Dungeon (T) Temple (L) Lair (A) Shoals (P) Snake Pit (M) Slime Pits (O) Orcish Mines (E) Elven Halls (V) Vaults (C) Crypt (W) Tomb (U) Depths (H) Hell (Z) Zot
Where to? (Enter - D:1 @ (x,y), ? - help)
There is a stone staircase leading up here.
There is a stone staircase leading up here.
You climb upwards.
There is a stone staircase leading down here.
There is a staircase leading out of the dungeon here.
You have escaped!

# ##.#.###..#.# #.#............ #
#.#.# ###..# #.#..).#.##..#. #
#.#.#####..# #.#....#.##..## ##
#.#....##..# #..###...##..#
.####..........#####...#...###.##
#.##.......##.....>.......>......
##..........#########.....##...#P
#.###.#...######8#######....##.♣~
.## #.######....@....###..#....♣.
.# #.####.............##........
.# #..##...............###......
.# ####.................####~~P~
.# ##......####.......## #~~♣~ .#
#.....### ###......# ###♣♣ .#
#.§§.## ##.....# #~ .# #§§§##
##.§..# ## .# ##.§§# #..§.######.


There were no monsters in sight!

Vanquished Creatures
  A dread lich (Vaults:5)
  3 ancient liches
  2 orbs of fire
  Mara (Vaults:4)
  Mennas (Vaults:4)
  A juggernaut (Depths:4)
  8 Killer Klowns
  Saint Roka (Depths:4)
  Margery (Vaults:4)
  Xtahua (Depths:4)
  2 curse toes
  17 golden dragons
  Jory (Depths:4)
  Nikola (Shoals:3)
  2 bone dragons
  5 electric golems
  Rupert (D:13)
  5 tentacled monstrosities
  Jorgrun (Orc:1)
  Zenata (Elf:2)
  The ghost of Xajier the Tortoise, an adept GrFi of Makhleb (Crypt:1)
  17 Orb Guardians
  A walking frostbound tome (Depths:3)
  2 deep elf master archers (Elf:3)
  3 titans
  5 sphinxes
  3 deep elf blademasters
  5 liches
  6 ancient champions
  4 death cobs
  6 krakens
  7 quicksilver dragons
  5 tentacled starspawn (WizLab)
  3 acid blobs (Lair:5)
  Frances (D:12)
  9 shadow dragons
  Roxanne (Shoals:1)
  Kirke (Shoals:1)
  5 draconian monks
  7 nagarajas
  Donald (Snake:1)
  An azure jelly (shapeshifter) (Vaults:5)
  14 storm dragons
  4 revenants
  6 tengu reavers
  2 imperial myrmidons (Desolation)
  9 draconian knights
  7 frost giants
  9 fire giants
  Aizul (Snake:1)
  Louise (Snake:4)
  6 draconian scorchers
  3 deep elf sorcerers
  A balrug (Depths:2)
  6 ghost moths
  2 draconian stormcallers
  12 vault wardens
  6 draconian shifters
  13 ghouls
  2 curse skulls (Crypt:2)
  5 war gargoyles
  7 deep elf elementalists (Elf:3)
  7 draconian annihilators
  23 very ugly things
  A cacodemon (WizLab)
  5 formless jellyfish
  19 ironbound preservers
  2 reapers (Crypt:2)
  2 orc warlords
  A spriggan defender (Depths:2)
  A caustic shrike skeleton (Depths:1)
  26 stone giants
  4 ironbound thunderhulks
  7 green draconians
  Azrael (Elf:2)
  13 black draconians
  2 minotaurs
  2 vampire knights
  9 deep elf demonologists
  7 deep elf annihilators (Elf:3)
  14 red draconians
  13 yellow draconians
  8 spark wasps
  13 white draconians
  2 halazid warlocks (Desolation)
  The ghost of kaychamo the Grappler, a journeyman TrFi of Okawaru (Lair:2)
  A spectral titan (Crypt:3)
  8 purple draconians
  A bunyip (shapeshifter) (Vaults:5)
  6 crystal guardians
  5 starcursed masses (WizLab)
  10 merfolk impalers
  9 eidola
  10 deep elf death magi
  13 jiangshi
  4 merfolk javelineers
  3 entropy weavers
  14 fire dragons
  10 ettins
  9 deep elf high priests
  10 great orbs of eyes
  4 spectral spriggans (Crypt:3)
  8 ragged hierophants (Desolation)
  Harold (D:10)
  8 servants of whispers (Desolation)
  42 vault guards
  A rakshasa (Depths:1)
  16 yaktaur captains
  8 peacekeepers
  A quicksilver dragon skeleton (Depths:1)
  9 ice dragons
  4 salamander tyrants
  5 hydras
  A spectral human (Crypt:3)
  5 merfolk avatars
  A catoblepas (Lair:3)
  14 anacondas
  16 ironbound frosthearts
  2 ogre magi
  4 spriggan air magi
  3 satyrs
  Erolcha (D:12)
  An alligator snapping turtle (Shoals:1)
  4 boulder beetles
  14 centaur warriors
  8 two-headed ogres
  4 merfolk aquamancers
  33 dancing weapons
  2 death knights
  3 tengu warriors
  4 orc high priests
  10 naga warriors
  6 deep troll shamans
  6 vampire magi
  7 deep troll earth magi
  6 spriggan berserkers
  4 death yaks (Lair:5)
  3 thrashing horrors (Lair:5)
  8 shock serpents
  17 deep elf knights
  7 hell knights (Vaults:4)
  A spectral storm dragon (Crypt:3)
  14 naga sharpshooters
  A sixfirhy (Gauntlet)
  A fire crab (Volcano)
  5 skysharks
  3 shadow wraiths
  2 salamander mystics
  A spectral bunyip (Crypt:3)
  A fire crab (shapeshifter) (Vaults:5)
  5 iron trolls
  A wretched star (WizLab)
  18 skeletal warriors
  12 sea snakes
  3 bog bodies
  A shadow demon (D:6)
  35 deep trolls
  An orb spider (shapeshifter) (Vaults:5)
  13 glowing orange brains
  A sea snake (shapeshifter) (Depths:2)
  3 flayed ghosts (Crypt:3)
  7 naga ritualists
  A spectral hydra (Crypt:3)
  7 phantasmal warriors
  21 ironbound convokers
  8 deep elf archers
  Pikel (D:9)
  3 anaconda skeletons
  10 orc knights
  12 necromancers
  A harpy (shapeshifter) (D:8)
  8 wizards
  12 manticores
  A fenstrider witch simulacrum (Crypt:1)
  6 harpies
  A sphinx zombie (Depths:1)
  40 ugly things
  4 orange crystal statues
  31 deep elf pyromancers
  16 lindwurms
  5 mana vipers
  27 deep elf zephyrmancers
  10 orc sorcerers
  An iron dragon zombie (Depths:1)
  18 fauns
  2 stone giant zombies (Depths:1)
  29 moths of wrath
  3 centaur zombies
  2 guardian serpents (shapeshifter)
  A moth of wrath (shapeshifter) (Vaults:5)
  12 salamanders
  9 elephants
  A spectral centaur (Crypt:3)
  5 cyclopes
  16 naga magi
  A stone giant skeleton (Crypt:1)
  2 ice statues
  9 guardian serpents
  3 smoke demons
  10 merfolk sirens
  8 water nymphs
  3 molten gargoyles
  20 vault sentinels
  38 black mambas
  11 cane toads
  4 gargoyles
  4 eyes of devastation (WizLab)
  A hellion (D:8)
  A catoblepas zombie (Crypt:1)
  A sea snake zombie (Crypt:2)
  A purple draconian zombie (Crypt:2)
  2 efreet (D:14)
  3 rime drakes
  19 yaktaurs
  A green draconian zombie (Crypt:2)
  A naga skeleton (Crypt:1)
  18 freezing wraiths
  8 komodo dragons
  Psyche (D:10)
  A bunyip simulacrum (Crypt:3)
  2 ice devils
  A black draconian skeleton (Crypt:3)
  2 anaconda simulacra (IceCv)
  A kobold demonologist (D:9)
  A tengu conjurer (Depths:3)
  A spectral harpy (Crypt:3)
  3 ancient zymes (Lair:5)
  A yellow draconian skeleton (Crypt:3)
  2 golden dragon simulacra (IceCv)
  7 wind drakes
  38 merfolk
  A death yak skeleton (Crypt:3)
  4 polar bears
  A mana viper skeleton (Crypt:1)
  A meliai (shapeshifter) (Vaults:5)
  A tarantella (Vaults:4)
  7 trolls
  9 large abominations
  6 hornets
  15 blink frogs
  A great orb of eyes zombie (Crypt:2)
  46 saltlings (Desolation)
  A hydra skeleton (Crypt:1)
  8 snapping turtles
  A snapping turtle (shapeshifter) (Vaults:5)
  15 dream sheep
  3 flying skulls (Crypt:2)
  A raiju (Abyss:3)
  21 slime creatures
  The ghost of t4s4d4r the Slicer, an amateur KoGl (D:4)
  6 spriggans
  An ettin skeleton (Crypt:1)
  5 air elementals
  5 ynoxinuls
  3 shadows
  2 spriggan skeletons
  51 yaks
  2 vampires
  3 dire elephant simulacra
  9 wyverns
  10 water elementals
  6 golden eyes (WizLab)
  21 humans (D:14)
  5 wraiths
  2 black mamba skeletons (Crypt:1)
  4 vampire mosquitoes (D:10)
  6 fire bats (Volcano)
  An alligator snapping turtle simulacrum (Crypt:1)
  12 basilisks
  6 fire elementals
  2 steam dragons
  5 hogs (Shoals:1)
  A chaos spawn (Lair:5)
  2 neqoxecs
  5 redbacks
  2 demonspawn zombies (Crypt:2)
  A harpy simulacrum (Crypt:3)
  7 wargs
  A naga (shapeshifter) (Depths:2)
  A naga zombie (Crypt:1)
  36 nagas
  A merfolk zombie (Crypt:3)
  A swamp worm (shapeshifter) (Vaults:1)
  5 acid dragons
  5 hell hounds
  17 water moccasins
  A deep troll skeleton (Crypt:1)
  7 small abominations (Lair:5)
  52 orc warriors
  6 black bears
  11 ice beasts
  3 ettin simulacra
  2 sky beasts
  5 boggarts (Vaults:4)
  15 ogres
  10 wolves
  14 centaurs
  2 phantoms
  A torpor snail zombie (Crypt:2)
  2 lemures (D:8)
  An elf zombie (Elf:1)
  6 kobold brigands
  14 bullfrogs
  2 gnoll sergeants
  4 necrophages
  3 scorpions
  A salamander skeleton (Crypt:1)
  2 water moccasin zombies (Ossuary)
  A naga simulacrum (Crypt:3)
  5 earth elementals
  3 cyclops skeletons
  12 wights
  A polar bear zombie (Crypt:1)
  A polar bear skeleton (Crypt:1)
  5 vampire bats (Bailey)
  7 wolf zombies (Bailey)
  9 electric eels
  11 howler monkeys
  6 lava snakes (Volcano)
  A jelly (D:8)
  3 hounds
  2 gnoll boudas (D:7)
  28 orc priests
  A sleepcap (D:7)
  A basilisk skeleton (Crypt:1)
  Natasha (thrice) (D:3)
  3 iguanas
  37 orc wizards
  Ijyb (D:3)
  A lightning spire (Zot:3)
  An ice beast zombie (Crypt:2)
  2 mummies (Ossuary)
  18 adders
  18 gnolls
  3 river rats (Sewer)
  A steam dragon skeleton (Crypt:3)
  6 white imps
  5 ufetubi
  3 adder zombies (Ossuary)
  An iguana skeleton (Crypt:3)
  10 worms
  2 dart slugs
  110 orcs
  5 endoplasms
  2 giant cockroaches (D:1)
  A gnoll zombie (Ossuary)
  11 goblins
  14 hobgoblins
  2 jackals (Sewer)
  18 kobolds
  5 quokkas
  12 ball pythons
  9 bats
  8 frilled lizards
  A gnoll skeleton (Crypt:2)
  6 hobgoblin zombies (Ossuary)
  11 kobold zombies (Ossuary)
  25 orc zombies
  4 rats
  9 starspawn tentacles (WizLab)
  12 tentacles
2582 creatures vanquished.

Vanquished Creatures (collateral kills)
  A dread lich (Zot:5)
  3 orbs of fire
  A golden dragon (Zot:5)
  2 tentacled monstrosities (Zot:5)
  11 Orb Guardians (Zot:5)
  The ghost of Dassydak the Tortoise, an adept GrFi of Makhleb (Crypt:1)
  A moon troll (WizLab)
  3 quicksilver dragons
  A tentacled starspawn (WizLab)
  A sphinx (Vaults:3)
  3 death cobs
  A shadow dragon (Zot:3)
  A storm dragon (Zot:3)
  A revenant (Crypt:3)
  2 draconian knights
  2 draconian scorchers
  3 draconian annihilators
  A ghoul (Crypt:3)
  An ironbound preserver (Vaults:1)
  A draconian shifter (Zot:5)
  A stone giant (WizLab)
  3 green draconians
  2 yellow draconians
  A black draconian (Zot:3)
  4 red draconians
  2 purple draconians
  3 white draconians
  4 eidola (Crypt:3)
  3 spectral quicksilver dragons (Crypt:3)
  A jiangshi (Crypt:3)
  A fire dragon (Zot:3)
  A vampire mage (Crypt:3)
  3 spectral storm dragons (Crypt:3)
  A skeletal warrior (Crypt:1)
  4 deep trolls (Vaults:1)
  6 phantasmal warriors (Crypt:3)
  2 moths of wrath (Zot:2)
  A titan simulacrum (Crypt:3)
  5 freezing wraiths (Crypt:3)
  A golden dragon simulacrum (Crypt:3)
  A shadow (Crypt:3)
  A harpy simulacrum (Crypt:3)
  A goblin skeleton (Crypt:3)
  2 starspawn tentacles (WizLab)
95 creatures vanquished.

Vanquished Creatures (others)
  A storm dragon (Zot:3)
  A red draconian (Zot:2)
  A human (Shoals:1)
  7 fulminant prisms
  4 starspawn tentacles (WizLab)
  34 tentacles
48 creatures vanquished.

Grand Total: 2725 creatures vanquished

Notes
Turn   | Place    | Note
-------+----------+-------------------------------------------
     0 | D:1      | Ge0ff the Armataur Earth Elementalist began the quest for
                  | the Orb.
     0 | D:1      | Reached XP level 1. HP: 14/14 MP: 3/3
    94 | D:1      | Found a faded altar of an unknown god.
   259 | D:1      | Reached XP level 2. HP: 21/21 MP: 0/5
  1382 | D:2      | Reached XP level 3. HP: 27/27 MP: 3/6
  1385 | D:2      | Learned a level 2 spell: Passwall
  1389 | D:2      | Learned a level 3 spell: Stone Arrow
  2779 | D:3      | Reached XP level 4. HP: 27/35 MP: 2/7
  2939 | D:3      | Noticed Natasha
  2947 | D:3      | Killed Natasha
  2948 | D:3      | Reached skill level 1 in Evocations
  3460 | D:3      | Noticed Natasha
  3463 | D:3      | Killed Natasha
  3464 | D:3      | Reached XP level 5. HP: 37/40 MP: 5/9
  3546 | D:3      | Found a glowing golden altar of the Shining One.
  3546 | D:3      | Found a white marble altar of Elyvilon.
  3546 | D:3      | Found a glowing silver altar of Zin.
  3546 | D:3      | Noticed a phantom
  3564 | D:3      | Killed a phantom
  3693 | D:3      | Reached skill level 5 in Earth Magic
  4014 | D:3      | Noticed Ijyb
  4030 | D:3      | Killed Ijyb
  4031 | D:3      | Reached XP level 6. HP: 48/48 MP: 10/10
  4520 | D:3      | Noticed Natasha
  4524 | D:3      | Killed Natasha
  4652 | D:3      | Found a glowing golden altar of the Shining One.
  4652 | D:3      | Found a white marble altar of Elyvilon.
  4652 | D:3      | Found a glowing silver altar of Zin.
  5126 | D:4      | Found a burning altar of Makhleb.
  5164 | D:4      | Found a hide-covered altar of Uskayaw.
  5375 | D:4      | Reached XP level 7. HP: 50/53 MP: 7/11
  5659 | D:4      | Found a runed translucent door.
  5662 | D:4      | Noticed t4s4d4r's ghost (amateur KoGl)
  6026 | D:5      | Entered Level 5 of the Dungeon
  6047 | D:5      | Reached skill level 1 in Transmutations
  6102 | D:5      | Reached skill level 1 in Fighting
  6102 | D:5      | Reached skill level 1 in Conjurations
  6508 | D:5      | Reached XP level 8. HP: 63/63 MP: 10/12
  6833 | D:5      | Found a bloodstained altar of Trog.
  6835 | D:5      | Found an ancient bone altar of Kikubaaqudgha.
  6836 | D:5      | Found an opulent altar of Gozag.
  6996 | D:5      | Reached skill level 5 in Conjurations
  7158 | D:5      | HP: 3/63 [black bear (1)]
  7320 | D:5      | Found a blossoming altar of Fedhas.
  7321 | D:5      | Identified a scroll of acquirement
  7321 | D:5      | Acquired a staff of conjuration
  7714 | D:6      | Found an iron altar of Okawaru.
  7730 | D:6      | Found a glowing drain.
  7762 | Sewer    | Entered a sewer
  8532 | Sewer    | Reached skill level 5 in Spellcasting
  8793 | D:6      | Reached XP level 9. HP: 45/68 MP: 3/16
 10496 | D:6      | Identified the +2 flail "Liepipat" {pain, Will- Str+2 Int+4
                  | Stlth+}
 10762 | D:7      | Found a staircase to the Ecumenical Temple.
 10771 | Temple   | Entered the Ecumenical Temple
 10894 | Temple   | Became a worshipper of Ashenzari the Shackled
 11177 | D:7      | Found a stormy altar of Qazlal.
 11177 | D:7      | Found a shimmering blue altar of Sif Muna.
 11177 | D:7      | Found a sacrificial altar of Ru.
 12320 | D:7      | Reached XP level 10. HP: 75/75 MP: 10/17
 12800 | D:8      | Found a sand-covered staircase.
 12826 | Ossuary  | Entered an ossuary
 13191 | D:8      | Reached skill level 1 in Shields
 13681 | D:8      | Reached skill level 10 in Earth Magic
 14099 | D:8      | Reached * piety under Ashenzari
 14369 | D:8      | Noticed a two-headed ogre
 14398 | D:8      | Killed a two-headed ogre
 14399 | D:8      | Reached skill level 1 in Staves
 14587 | D:8      | Noticed a manticore
 14587 | D:8      | Noticed a harpy
 14593 | D:8      | Killed a harpy
 14596 | D:8      | Killed a manticore
 15058 | D:8      | Reached XP level 11. HP: 52/87 MP: 19/19
 15573 | D:9      | Reached ** piety under Ashenzari
 15702 | D:4      | Killed t4s4d4r's ghost
 15911 | D:9      | Noticed Pikel
 16194 | D:9      | Found an ornate altar of the Wu Jian Council.
 17069 | D:9      | Identified the amulet of Vadu {RegenMP rC+ rN+ Dex+4}
 17159 | D:9      | Killed Pikel
 17268 | D:9      | Reached skill level 5 in Evocations
 17596 | D:9      | Found a staircase to the Lair.
 17800 | D:9      | You fall into a shaft and drop 2 floors!
 17825 | D:10     | Entered Level 10 of the Dungeon
 17851 | D:10     | Found a flagged portal.
 17928 | Bailey   | Entered a bailey
 17936 | Bailey   | Learned a level 3 spell: Mephitic Cloud
 18820 | Bailey   | Reached skill level 1 in Air Magic
 18820 | Bailey   | Reached skill level 1 in Poison Magic
 19184 | Bailey   | Identified the ring of Vaab {rC+ Will+ EV+5 Dex-4}
 19617 | D:10     | Noticed Harold
 19921 | D:10     | Killed Harold
 19952 | D:10     | Reached skill level 5 in Staves
 20159 | D:9      | Noticed a two-headed ogre
 20159 | D:9      | Noticed a purple ugly thing
 20764 | D:10     | Noticed a two-headed ogre
 20777 | D:10     | Killed a purple ugly thing
 20787 | D:10     | Killed a two-headed ogre
 20788 | D:10     | Reached XP level 12. HP: 100/100 MP: 2/25
 20797 | D:10     | Noticed a two-headed ogre
 21107 | D:10     | Killed a two-headed ogre
 21187 | D:10     | Noticed Psyche
 21190 | D:10     | Killed Psyche
 21909 | D:9      | Killed a two-headed ogre
 23063 | D:11     | Found a staircase to the Orcish Mines.
 23488 | D:11     | Noticed a two-headed ogre
 23492 | D:11     | Killed a two-headed ogre
 23742 | Lair:1   | Entered Level 1 of the Lair of Beasts
 24281 | Lair:1   | Reached *** piety under Ashenzari
 25798 | Lair:2   | Reached XP level 13. HP: 97/109 MP: 21/28
 25966 | Lair:2   | Found a runed translucent gate.
 25967 | Lair:2   | Found a runed translucent gate.
 25969 | Lair:2   | Found a runed translucent gate.
 25978 | Lair:2   | Noticed a minotaur
 25978 | Lair:2   | Identified the Atlas of the Forgotten Prophets
 26200 | Lair:2   | Reached skill level 10 in Staves
 26556 | Lair:2   | Found the +3 pair of seven-league boots {Rampage+∞}
 26977 | Lair:2   | Found a staircase to the Shoals.
 27097 | Lair:2   | Noticed kaychamo's ghost (journeyman TrFi)
 27248 | Lair:2   | Reached **** piety under Ashenzari
 27438 | Lair:3   | Found a dark tunnel.
 27443 | Volcano  | Entered a volcano
 27850 | Volcano  | Found a radiant altar of Vehumet.
 29124 | Lair:3   | Found a staircase to the Snake Pit.
 29351 | Lair:3   | Reached skill level 1 in Armour
 30151 | Lair:3   | Found a staircase to the Snake Pit.
 31316 | Lair:4   | Reached ***** piety under Ashenzari
 31825 | Lair:5   | Entered Level 5 of the Lair of Beasts
 32248 | Lair:5   | Reached XP level 14. HP: 121/121 MP: 27/30
 32448 | Lair:5   | Learned a level 8 spell: Lehudib's Crystal Spear
 33555 | Lair:5   | Found a runed translucent door.
 33555 | Lair:5   | Found a viscous altar of Jiyva.
 33555 | Lair:5   | Noticed an acid blob
 33788 | Lair:4   | Learned a level 5 spell: Iskenderun's Battlesphere
 35303 | Lair:5   | Found a corrupted altar of Lugonu.
 35303 | Lair:5   | Found a one-way gate to the infinite horrors of the Abyss.
 35480 | Lair:5   | Found a staircase to the Slime Pits.
 35480 | Lair:5   | Noticed an acid blob
 35480 | Lair:5   | Noticed an acid blob
 36117 | Lair:5   | Found a corrupted altar of Lugonu.
 36117 | Lair:5   | Found a one-way gate to the infinite horrors of the Abyss.
 36475 | Orc:1    | Entered Level 1 of the Orcish Mines
 37083 | Orc:2    | Entered Level 2 of the Orcish Mines
 37339 | Orc:2    | Noticed Jorgrun
 37361 | Orc:1    | Killed Jorgrun
 37650 | Orc:2    | Found a shimmering blue altar of Sif Muna.
 37655 | Orc:2    | Identified Sif Muna's Grimoire of the Impact
 38685 | Orc:2    | Found Urorecsa's General Store.
 38685 | Orc:2    | Found Wigoem's Book Shoppe.
 38861 | Orc:2    | Noticed an orc warlord
 38874 | Orc:2    | Killed an orc warlord
 38979 | Orc:2    | Found Buotynt's Antique Armour Shoppe.
 38979 | Orc:2    | Found Aneryur's Antique Weapon Emporium.
 39014 | Orc:2    | Bought a book of Transfigurations for 480 gold pieces
 39020 | Orc:2    | Learned a level 5 spell: Irradiate
 39344 | Orc:2    | Found Miydu's Book Shop.
 39345 | Orc:2    | Found a shimmering altar of Xom.
 39348 | Orc:2    | Reached XP level 15. HP: 116/126 MP: 27/31
 39692 | Orc:2    | Found a staircase to the Elven Halls.
 39849 | D:12     | Noticed Frances
 39862 | D:12     | Killed Frances
 39872 | D:12     | Found a gate leading to a gauntlet.
 39903 | Gauntlet | Entered a Gauntlet
 39903 | Gauntlet | Found a transporter.
 39903 | Gauntlet | Found a transporter.
 40013 | Gauntlet | Found a transporter.
 40017 | Gauntlet | Found a transporter.
 40025 | Gauntlet | Found a transporter.
 40029 | Gauntlet | Found a transporter.
 40036 | Gauntlet | Found a runed translucent door.
 40039 | Gauntlet | Found a transporter.
 40051 | Gauntlet | Identified the scarf "Forget-Me-Not" {shadows, rPois Will+
                  | Str+2 Stlth-}
 40052 | Gauntlet | Found a runed translucent door.
 40053 | Gauntlet | Found a transporter.
 40054 | Gauntlet | Found a runed translucent door.
 40067 | Gauntlet | Found a transporter.
 40071 | Gauntlet | Found a transporter.
 40080 | Gauntlet | Found a transporter.
 40083 | Gauntlet | Found a transporter.
 40913 | D:12     | Noticed Erolcha
 40917 | D:12     | Killed Erolcha
 41905 | D:13     | Noticed Rupert
 41916 | D:13     | Found Oriavint's Antique Armour Boutique.
 42513 | D:14     | Reached skill level 10 in Spellcasting
 42607 | D:14     | Reached skill level 10 in Conjurations
 42780 | D:14     | Found a broken altar of Ashenzari.
 43706 | Abyss:3  | Cast into level 3 of the Abyss (a wizard)
 43760 | Abyss:3  | Found a corrupted altar of Lugonu.
 43817 | Abyss:3  | Reached skill level 5 in Fighting
 43824 | Abyss:3  | Noticed a quicksilver dragon
 43831 | Abyss:3  | Killed a quicksilver dragon
 43889 | D:14     | Escaped the Abyss
 44233 | D:14     | Found a gate to the Vaults.
 44456 | D:15     | Entered Level 15 of the Dungeon
 44456 | D:15     | Identified the +8 long sword of Egomania {heavy, Will+ MP+9
                  | Str+3 Int-2}
 45350 | D:15     | Found a staircase to the Depths.
 46491 | Lair:2   | Reached XP level 16. HP: 129/143 MP: 32/34
 46568 | Lair:2   | Killed kaychamo's ghost
 46827 | Orc:2    | Bought a phantom mirror for 520 gold pieces
 46875 | Orc:2    | Bought a pitted rapier for 297 gold pieces
 46875 | Orc:2    | Identified the +9 rapier of Ciadahes {heavy, MP+9 Str+2
                  | Int+4} (You bought it in a shop on level 2 of the Orcish
                  | Mines)
 47053 | Snake:1  | Entered Level 1 of the Snake Pit
 47053 | Snake:1  | Found Kuow's Assorted Antiques.
 47066 | Snake:1  | Bought a pair of twisted gloves for 342 gold pieces
 47066 | Snake:1  | Identified the +1 pair of gloves "Diog" {-Tele rElec rN+}
                  | (You bought it in a shop on level 1 of the Snake Pit)
 47235 | Snake:1  | Found a frozen archway.
 47240 | Snake:1  | Noticed Aizul
 47250 | Snake:1  | Killed Aizul
 47336 | IceCv    | Entered an ice cave
 47351 | IceCv    | Learned a level 4 spell: Fulminant Prism
 47463 | IceCv    | Found a transporter.
 47474 | IceCv    | Found a transporter.
 47903 | Snake:1  | Reached skill level 1 in Hexes
 47909 | Snake:1  | Noticed Donald
 47919 | Snake:1  | Killed Donald
 49516 | Snake:2  | Identified the +1 glaive of Cocytus {elec, rF+ Str+3
                  | Stlth+}
 52354 | Snake:4  | Entered Level 4 of the Snake Pit
 52854 | Snake:4  | Reached XP level 17. HP: 129/149 MP: 31/36
 54710 | Snake:4  | Noticed Louise
 54736 | Snake:4  | Killed Louise
 54888 | Snake:4  | Reached ****** piety under Ashenzari
 55888 | Snake:4  | Noticed a quicksilver dragon
 55892 | Snake:4  | Killed a quicksilver dragon
 55892 | Snake:4  | Noticed a quicksilver dragon
 55897 | Snake:4  | Killed a quicksilver dragon
 56014 | Snake:4  | Got a serpentine rune of Zot
 57134 | Shoals:1 | Entered Level 1 of the Shoals
 57341 | Lair:2   | Learned a level 5 spell: Fireball
 57820 | Shoals:1 | Identified Roxanne's Cyclopedia of the Figure
 57820 | Shoals:1 | Noticed Roxanne
 57833 | Shoals:1 | Killed Roxanne
 57991 | Shoals:1 | Noticed a kraken
 58002 | Shoals:1 | Killed a kraken
 58003 | Shoals:1 | Noticed a kraken
 58003 | Shoals:1 | Noticed Kirke
 58032 | Shoals:1 | Killed Kirke
 58395 | Shoals:1 | Killed a kraken
 58396 | Shoals:1 | Reached skill level 1 in Fire Magic
 58490 | Shoals:1 | Noticed a kraken
 58497 | Shoals:1 | Killed a kraken
 58821 | Shoals:1 | Reached XP level 18. HP: 139/159 MP: 32/38
 59246 | Shoals:1 | Found a runed translucent door.
 60483 | Shoals:1 | Found a runed translucent door.
 61874 | Shoals:2 | Found Ytysocok's General Store.
 61883 | Shoals:2 | Bought a potion of invisibility for 128 gold pieces
 61883 | Shoals:2 | Bought a scroll of teleportation for 48 gold pieces
 63142 | Shoals:3 | Noticed Nikola
 63155 | Shoals:3 | Killed Nikola
 64301 | Shoals:4 | Entered Level 4 of the Shoals
 65102 | Shoals:4 | Got a barnacled rune of Zot
 65359 | Shoals:4 | Identified the +1 mace of Shrieking Terror {flame, rCorr}
 65680 | Shoals:4 | Identified the Directory of the Cloudy Bonfire
 66797 | Elf:1    | Entered Level 1 of the Elven Halls
 67419 | Elf:1    | Identified the +7 long sword of Eto Qoist {heavy, Int+4
                  | Dex+7}
 67600 | Elf:1    | Reached XP level 19. HP: 115/166 MP: 33/42
 68023 | Elf:1    | Reached skill level 1 in Throwing
 68803 | Elf:1    | Identified Ereshkigal's Notes on Rot
 69840 | Elf:2    | Reached skill level 5 in Fire Magic
 69932 | Elf:2    | Identified the +0 robe of Ydwo {Rampage Str-4 Int+2}
 70271 | Elf:2    | Paralysed by an air elemental for 1 turns
 70274 | Elf:2    | Paralysed by an air elemental for 1 turns
 70710 | Elf:2    | Reached skill level 5 in Shields
 70796 | Elf:2    | Found a runed translucent gate.
 70797 | Elf:2    | Found a runed translucent gate.
 70797 | Elf:2    | Found a runed translucent gate.
 71229 | Elf:2    | Noticed Zenata
 71235 | Elf:2    | Noticed Azrael
 71236 | Elf:2    | Killed Zenata
 71240 | Elf:2    | Killed Azrael
 72650 | D:13     | Killed Rupert
 73487 | Elf:3    | Entered Level 3 of the Elven Halls
 73612 | Elf:3    | Found Cokhlitot's Antique Weapon Shop.
 73739 | Elf:3    | Found a portal to a secret trove of treasure.
 74084 | Elf:3    | Identified the +6 dagger "Tidiqo" {drain, rC+ Dex-5 SInv}
 74400 | Elf:3    | Reached skill level 5 in Transmutations
 74454 | Elf:3    | Learned a level 5 spell: Yara's Violent Unravelling
 74636 | Elf:3    | Identified the +9 plate armour "Eluyclunt" {+Inv rPois
                  | Dex-2}
 74644 | Elf:3    | Reached XP level 20. HP: 188/188 MP: 9/44
 74645 | Elf:3    | Identified the +4 great sword of Zap Iqol {flame, rElec rF-
                  | rC+ Dex+4}
 75323 | Elf:3    | Identified the +2 quarterstaff "Xoxkepn" {vamp, rPois rF+++
                  | Str+3 Int-4}
 75323 | Elf:3    | Identified the +0 robe of Insurance {*Slow rC+++ Int+3}
 75417 | Elf:3    | Reached skill level 5 in Dodging
 75552 | Elf:3    | Identified the ring of Vinlar {Ice +Blink rN+ Will-}
 75559 | Elf:3    | Identified the +3 leather armour of Peuf {rC+}
 75719 | Elf:3    | Identified the Omnibus of the Autopsy and Oxidation
 75722 | Elf:3    | Identified the scarf "Wakhli" {shadows, Str+2 Int+4 SInv}
 75723 | Elf:3    | Identified the Atlas of the Contaminated Curse
 75726 | Elf:3    | Identified Nounem's Annotations on Outbursts and the
                  | Commander
 75727 | Elf:3    | Identified Sif Muna's Dissertation on Conduction and
                  | Transformation
 76158 | Vaults:1 | Entered Level 1 of the Vaults
 76547 | Vaults:1 | Found Giniv's Magic Scroll Emporium.
 76808 | Vaults:1 | Bought a scroll of blinking for 97 gold pieces
 76808 | Vaults:1 | Bought a scroll of blinking for 97 gold pieces
 76808 | Vaults:1 | Bought a scroll of fear for 52 gold pieces
 76808 | Vaults:1 | Bought a scroll of fog for 52 gold pieces
 76808 | Vaults:1 | Bought a scroll of fear for 52 gold pieces
 76808 | Vaults:1 | Bought a scroll of fog for 52 gold pieces
 76808 | Vaults:1 | Bought a scroll of teleportation for 39 gold pieces
 78307 | Vaults:2 | Found a crumbling gateway.
 78319 | Desolati | Entered the Desolation of Salt
 78336 | Desolati | Reached skill level 10 in Fighting
 79057 | Desolati | Identified the amulet "Virujosi" {Faith rF++}
 79070 | Desolati | Identified the +9 demon trident "Xifiaq" {venom, *Rage
                  | rPois rF+ Dex+5}
 79136 | Desolati | Identified the +7 bardiche "Jismerr" {flame, *Corrode rN+++
                  | Int+3}
 79354 | Desolati | Identified the +6 demon trident "Killer Klown's Regret"
                  | {elec, Dex+2}
 79706 | Desolati | Identified the +3 leather armour "Nyvinuit" {rPois SInv}
 79720 | Desolati | Identified the Atlas of the Fey Traveller
 79837 | Desolati | Identified the +0 robe "Jeiw" {rF+}
 80220 | Vaults:2 | Reached XP level 21. HP: 181/194 MP: 39/44
 80491 | Vaults:2 | Identified the +7 leather armour of Free Expression
                  | {*Corrode rElec rF++}
 80794 | Vaults:2 | Found Coneomi's Antique Weapon Shop.
 80898 | Vaults:2 | Reached skill level 10 in Transmutations
 81284 | Vaults:2 | Identified the +1 falchion of the Saviour {heavy, Drain
                  | rF++ rCorr Int+4}
 82335 | Vaults:3 | Paralysed by a formless jellyfish for 1 turns
 83336 | Vaults:3 | Reached skill level 10 in Evocations
 83673 | Vaults:3 | Acquired 574 gold pieces
 83864 | Orc:2    | Bought a book of Party Tricks for 192 gold pieces
 83866 | Orc:2    | Learned a level 1 spell: Apportation
 84204 | Vaults:3 | Learned a level 4 spell: Iskenderun's Mystic Blast
 84230 | Vaults:3 | Found a staircase to the Crypt.
 84637 | Vaults:4 | Noticed Mennas
 84663 | Vaults:4 | Reached skill level 1 in Translocations
 84882 | Vaults:4 | Noticed Margery
 84996 | Vaults:4 | Killed Margery
 85199 | Vaults:4 | Reached XP level 22. HP: 208/208 MP: 20/45
 85393 | Vaults:4 | Found Joit's Distillery.
 85397 | Vaults:4 | Bought a potion of mutation for 136 gold pieces
 85397 | Vaults:4 | Bought a potion of haste for 170 gold pieces
 85397 | Vaults:4 | Bought 2 potions of mutation for 272 gold pieces
 85397 | Vaults:4 | Bought 2 potions of curing for 102 gold pieces
 85397 | Vaults:4 | Bought a potion of heal wounds for 85 gold pieces
 85488 | Vaults:4 | Killed Mennas
 85724 | Vaults:4 | Identified the staff of the Hurling Gods {rElec rN+ Dex+2
                  | Stlth+ Necro}
 85755 | Vaults:4 | Noticed Mara
 85766 | Vaults:4 | Killed Mara
 86117 | Vaults:4 | Learned a level 7 spell: Orb of Destruction
 86291 | Depths:1 | Entered Level 1 of the Depths
 86591 | Depths:1 | Reached skill level 5 in Translocations
 86659 | Depths:1 | Found a gateway to Hell.
 88220 | Depths:2 | Found a large runed translucent door.
 88222 | Depths:2 | Found a large runed translucent door.
 88223 | Depths:2 | Identified the +5 battleaxe of the Orcish Mines {freeze,
                  | rCorr Str+3 Int-2}
 88224 | Depths:2 | Found a large runed translucent door.
 88224 | Depths:2 | Identified the staff of the Gazing Gods {rF- Will+ Air
                  | Earth}
 88225 | Depths:2 | Found a large runed translucent door.
 88228 | Depths:2 | Identified the staff "Zikycon" {rN+ rCorr Necro}
 88437 | Depths:2 | Found a one-way gate leading to the halls of Pandemonium.
 88771 | Depths:2 | Found a large runed translucent door.
 88772 | Depths:2 | Found a large runed translucent door.
 88818 | Depths:2 | Found a large runed translucent door.
 88820 | Depths:2 | Found a large runed translucent door.
 89806 | Depths:3 | Found Cogiawk's Weapon Shop.
 91004 | Depths:3 | Noticed a golden dragon
 91097 | Depths:2 | Killed a golden dragon
 91098 | Depths:2 | Reached skill level 10 in Shields
 91344 | Depths:4 | Entered Level 4 of the Depths
 91344 | Depths:4 | Found a one-way gateway to a ziggurat.
 91360 | Depths:4 | Reached XP level 23. HP: 185/219 MP: 32/46
 91475 | Depths:4 | Found Bietol's Distillery.
 91526 | Depths:4 | Bought a potion of haste for 190 gold pieces
 91526 | Depths:4 | Bought a potion of curing for 57 gold pieces
 91526 | Depths:4 | Bought a potion of magic for 152 gold pieces
 91526 | Depths:4 | Bought a potion of curing for 57 gold pieces
 91526 | Depths:4 | Bought 2 potions of mutation for 304 gold pieces
 91526 | Depths:4 | Bought a potion of heal wounds for 95 gold pieces
 91526 | Depths:4 | Bought a potion of cancellation for 152 gold pieces
 91526 | Depths:4 | Bought a potion of mutation for 152 gold pieces
 91681 | Depths:4 | Identified the +1 pair of boots of the Monkey's Uncle
                  | {Slay+3}
 91734 | Depths:4 | Noticed Jory
 91737 | Depths:4 | Killed Jory
 91845 | Depths:4 | Noticed Saint Roka
 91858 | Depths:4 | Killed Saint Roka
 92178 | Depths:4 | Noticed a juggernaut
 92182 | Depths:4 | Killed a juggernaut
 93065 | Depths:4 | Found a gate to the Realm of Zot.
 93194 | Depths:4 | Noticed Xtahua
 93197 | Depths:4 | Killed Xtahua
 93506 | Vaults:5 | Entered Level 5 of the Vaults
 93582 | Vaults:5 | Noticed a dread lich
 93583 | Vaults:5 | Paralysed by a dread lich for 4 turns
 93587 | Vaults:5 | Killed a dread lich
 94166 | Vaults:5 | Got a silver rune of Zot
 94183 | Vaults:5 | Learned a level 4 spell: Passage of Golubria
 94912 | Vaults:5 | Identified the ring "Anteohoa" {rPois Int+3}
 95190 | Vaults:5 | Identified the +2 cloak "Qaulomn" {Rampage rElec Str+2}
 95599 | Vaults:5 | Reached XP level 24. HP: 231/231 MP: 19/46
 95736 | Vaults:5 | Identified the ring of Sif Muna's Anger {rPois rN+}
 96848 | Vaults:5 | Identified the Meditations on the Puissant Plateau
 97766 | Vaults:5 | Reached skill level 1 in Summonings
 98756 | D:8      | Learned a level 5 spell: Lee's Rapid Deconstruction
 98977 | Crypt:1  | Entered Level 1 of the Crypt
 99078 | Crypt:1  | Reached skill level 5 in Throwing
 99126 | Crypt:1  | Found a magical portal.
 99129 | WizLab   | Entered Lehudib's Moon Base
 99874 | WizLab   | Identified Lehudib's Directory of Twisted Metal
 99895 | WizLab   | Found a transporter.
100236 | WizLab   | Found a transporter.
100237 | WizLab   | Identified the amulet of Omim {Acrobat +Blink}
100237 | WizLab   | Identified the +5 orcbow "Qoirghoe" {speed, Stlth+}
100343 | WizLab   | Learned a level 7 spell: Spellforged Servitor
100651 | Crypt:1  | Reached skill level 5 in Summonings
100744 | Crypt:1  | Identified the Textbook on the Assembled Fair Folk
101257 | Crypt:1  | Found a runed translucent gate.
101257 | Crypt:1  | Found a runed translucent gate.
101258 | Crypt:1  | Found a runed translucent gate.
101258 | Crypt:1  | Noticed Dassydak's ghost (adept GrFi)
101260 | Crypt:1  | Noticed Xajier's ghost (adept GrFi)
101262 | Crypt:1  | Identified the amulet of Wuipeats {*Slow +Blink Regen+
                  | Dex+4}
101423 | Crypt:1  | Identified the +9 flail of the Unkillable {flame, Dex+5}
101484 | Crypt:1  | Killed Dassydak's ghost
101498 | Crypt:1  | Killed Xajier's ghost
101563 | Crypt:1  | Learned a level 2 spell: Sublimation of Blood
101938 | Crypt:2  | Found a huge runed gate.
101939 | Crypt:2  | Found a huge runed gate.
101939 | Crypt:2  | Found a huge runed gate.
101940 | Crypt:2  | Found a huge runed gate.
101940 | Crypt:2  | Found a huge runed gate.
101941 | Crypt:2  | Found a huge runed gate.
101941 | Crypt:2  | Found a huge runed gate.
101941 | Crypt:2  | Found a huge runed gate.
101941 | Crypt:2  | Found a huge runed gate.
101941 | Crypt:2  | Found a huge runed gate.
101943 | Crypt:2  | Reached skill level 1 in Necromancy
101943 | Crypt:2  | Found a huge runed gate.
101944 | Crypt:2  | Found a huge runed gate.
101945 | Crypt:2  | Found a huge runed gate.
101949 | Crypt:2  | Found a huge runed gate.
101965 | Crypt:2  | Found a huge runed gate.
101966 | Crypt:2  | Found a huge runed gate.
101967 | Crypt:2  | Found a huge runed gate.
101968 | Crypt:2  | Found a huge runed gate.
101976 | Crypt:2  | Found a huge runed gate.
101976 | Crypt:2  | Found a huge runed gate.
101976 | Crypt:2  | Found a huge runed gate.
101976 | Crypt:2  | Found a huge runed gate.
101976 | Crypt:2  | Found a huge runed gate.
101977 | Crypt:2  | Found a huge runed gate.
101978 | Crypt:2  | Found a huge runed gate.
101982 | Crypt:2  | Found a huge runed gate.
101982 | Crypt:2  | Found a huge runed gate.
102102 | Crypt:2  | Reached XP level 25. HP: 219/247 MP: 13/47
102514 | Crypt:2  | Found a huge runed gate.
102514 | Crypt:2  | Found a huge runed gate.
102516 | Crypt:2  | Found a huge runed gate.
102517 | Crypt:2  | Found a huge runed gate.
102517 | Crypt:2  | Found a huge runed gate.
102518 | Crypt:2  | Found a huge runed gate.
102519 | Crypt:2  | Found a huge runed gate.
102520 | Crypt:2  | Found a huge runed gate.
102521 | Crypt:2  | Found a huge runed gate.
102832 | Crypt:2  | Identified the +1 ring mail of Trumpets {Rampage Drain Fly
                  | SInv}
102833 | Crypt:2  | Noticed an ancient lich
102834 | Crypt:2  | Noticed an ancient lich
102836 | Crypt:2  | Killed an ancient lich
102840 | Crypt:2  | Killed an ancient lich
103035 | Crypt:3  | Entered Level 3 of the Crypt
103035 | Crypt:3  | Found a staircase to the Tomb.
103835 | Crypt:3  | Reached skill level 5 in Necromancy
104670 | Crypt:3  | Identified the +0 crystal plate armour of the Snake Pit
                  | {rElec}
105145 | Orc:2    | Bought a potion of haste for 130 gold pieces
105145 | Orc:2    | Bought a scroll of teleportation for 39 gold pieces
105372 | Shoals:2 | Bought a wand of paralysis (7) for 268 gold pieces
105372 | Shoals:2 | Bought a potion of mutation for 128 gold pieces
105475 | Snake:1  | Bought a wand of digging (3) for 453 gold pieces
105475 | Snake:1  | Bought a scroll of fog for 144 gold pieces
105475 | Snake:1  | Bought a shimmering short sword for 288 gold pieces
105475 | Snake:1  | Identified the +2 short sword "Foir" {heavy, Will+ Int+6}
                  | (You bought it in a shop on level 1 of the Snake Pit)
105721 | Vaults:2 | Bought an encrusted trident for 289 gold pieces
105721 | Vaults:2 | Identified the +7 trident of Growth {protect, Str+3 Dex-3
                  | SInv} (You bought it in a shop on level 2 of the Vaults)
105968 | Elf:3    | Bought a slimy mace for 304 gold pieces
105968 | Elf:3    | Identified the +7 mace of Thoughtfulness {holy, Int+4 SInv}
                  | (You bought it in a shop on level 3 of the Elven Halls)
105968 | Elf:3    | Bought a crystal short sword for 304 gold pieces
105968 | Elf:3    | Identified the +7 short sword "Coxteh" {freeze, *Rage rC+
                  | Will+ SInv} (You bought it in a shop on level 3 of the
                  | Elven Halls)
106306 | Zot:1    | Entered Level 1 of the Realm of Zot
106571 | Zot:1    | Noticed an orb of fire
106575 | Zot:1    | Killed an orb of fire
107059 | Zot:3    | Noticed an orb of fire
107082 | Zot:2    | Reached skill level 10 in Summonings
108852 | Zot:2    | Reached XP level 26. HP: 256/256 MP: 35/47
109338 | Zot:3    | Gained mutation: You do not regenerate when monsters are
                  | visible. [an orb of fire]
109339 | Zot:3    | Gained mutation: You occasionally lose the ability to read
                  | scrolls when taking damage. [an orb of fire]
109347 | Zot:3    | Killed an orb of fire
109509 | Zot:2    | Lost mutation: You occasionally lose the ability to read
                  | scrolls when taking damage. [potion of mutation]
109509 | Zot:2    | Lost mutation: You do not regenerate when monsters are
                  | visible. [potion of mutation]
109509 | Zot:2    | Gained mutation: You are partially covered in iridescent
                  | scales. (AC +2) [potion of mutation]
109509 | Zot:2    | Gained mutation: You have hidden genetic defects. [potion
                  | of mutation]
109509 | Zot:2    | Lost mutation: You have hidden genetic defects. [potion of
                  | mutation]
109521 | Zot:3    | Reached skill level 10 in Necromancy
110300 | Zot:3    | Identified the +5 ring mail "Kuexat" {*Corrode +Inv Dex+2}
110716 | Zot:4    | Noticed an orb of fire
110722 | Zot:4    | Killed an orb of fire
111668 | Zot:4    | Found the dreamshard necklace {Acrobat *Dream}
112368 | Zot:4    | Found a transporter.
112381 | Zot:4    | Gained mutation: You are vulnerable to heat. (rF-)
                  | [mutagenic glow]
112457 | Zot:4    | Found a transporter.
112504 | Zot:4    | Found a transporter.
112512 | Zot:4    | Found a transporter.
112791 | Zot:4    | Lost mutation: You are vulnerable to heat. (rF-) [potion of
                  | mutation]
112791 | Zot:4    | Lost mutation: You are partially covered in iridescent
                  | scales. (AC +2) [potion of mutation]
112791 | Zot:4    | Gained mutation: You sometimes lose your temper in combat.
                  | [potion of mutation]
112791 | Zot:4    | Gained mutation: You are frail. (-10% HP) [potion of
                  | mutation]
112791 | Zot:4    | Gained mutation: Your tail ends in a venomous barb. [potion
                  | of mutation]
112791 | Zot:4    | Gained mutation: You occasionally shout uncontrollably at
                  | your foes. [potion of mutation]
112791 | Zot:4    | Gained mutation: Your system is resistant to poisons.
                  | (rPois) [potion of mutation]
112792 | Zot:4    | Lost mutation: You occasionally shout uncontrollably at
                  | your foes. [potion of mutation]
112792 | Zot:4    | Lost mutation: You are frail. (-10% HP) [potion of
                  | mutation]
112792 | Zot:4    | Lost mutation: Your tail ends in a venomous barb. [potion
                  | of mutation]
112792 | Zot:4    | Lost mutation: Your system is resistant to poisons. (rPois)
                  | [potion of mutation]
112792 | Zot:4    | Lost mutation: You sometimes lose your temper in combat.
                  | [potion of mutation]
112792 | Zot:4    | Gained mutation: You are vulnerable to heat. (rF-) [potion
                  | of mutation]
112792 | Zot:4    | Gained mutation: A frigid envelope surrounds you and
                  | freezes all who hurt you. [potion of mutation]
112793 | Zot:4    | Lost mutation: You are vulnerable to heat. (rF-) [potion of
                  | mutation]
112793 | Zot:4    | Lost mutation: A frigid envelope surrounds you and freezes
                  | all who hurt you. [potion of mutation]
112793 | Zot:4    | Gained mutation: You are partially covered in large bone
                  | plates. (SH +4) [potion of mutation]
112793 | Zot:4    | Gained mutation: You possess an exceptional clarity of
                  | mind. [potion of mutation]
112793 | Zot:4    | Gained mutation: You are dopey. (Int -2) [potion of
                  | mutation]
112793 | Zot:4    | Gained mutation: You are robust. (+10% HP) [potion of
                  | mutation]
112793 | Zot:4    | Gained mutation: You are strong-willed. (Will+) [potion of
                  | mutation]
112902 | Zot:5    | Entered Level 5 of the Realm of Zot
114132 | Zot:5    | Noticed an ancient lich
114139 | Zot:5    | Killed an ancient lich
114194 | Zot:5    | Noticed an orb of fire
114201 | Zot:5    | Killed an orb of fire
115358 | Zot:5    | Reached XP level 27. HP: 290/290 MP: 39/47
116035 | Zot:5    | Noticed an orb of fire
116038 | Zot:5    | Killed an orb of fire
116100 | Zot:5    | Identified the +7 morningstar "Nyitt" {drain, rF++ Int+3}
116384 | Zot:5    | Noticed a dread lich
116387 | Zot:5    | Killed a dread lich
117595 | Elf:3    | You paid a toll of 10 potions of heal wounds to enter a
                  | treasure trove
117596 | Trove    | Entered a treasure trove
117601 | Trove    | Identified the +7 lajatang of the Hummingbird {vamp, rN+++
                  | Str-4 SInv}
117601 | Trove    | Identified the ring "Jumeef" {*Corrode Fly rPois Dex+6
                  | SInv}
117601 | Trove    | Identified the ring "Miagriph" {Contam rElec EV+5 Int+6}
117601 | Trove    | Identified the amulet "Foreez" {Acrobat Regen+}
117601 | Trove    | Identified the amulet "Ytaif" {RegenMP Stlth+}
117601 | Trove    | Identified the +0 quarterstaff of Usmomi {freeze, rN+ Str-3
                  | Stlth+}
118116 | Zot:5    | Got the Orb of Zot
118640 | D:$      | Escaped with the Orb!

Illustrated notes

Levels and vault maps discovered:
D:1:      heliophobic_arrival_dark_side_of_the_moon, layout_loops_ring,
          basic_ecumenical_altar, serial_bayou, serial_bayou_shore_a,
          serial_bayou_shore_b, serial_bayou_ford_a, serial_bayou_pond_b,
          serial_bayou_pond_c, serial_bayou_pond_e, dreamdust_princess_bridge,
          kennysheep_nondescript, kennysheep_pointless_box
D:2:      layout_basic
D:3:      wander_river, layout_loops_cross, dreamdust_divine_triumvirate,
          uniq_natasha, uniq_ijyb
D:4:      layout_basic, eat_drink_and_be_merry_uskayaw, old_standard_altar,
          gammafunk_ghost_grave, chequers_serial_rivers_marsh
D:5:      cheibrodos_fzero, layout_loops_corners, minitemple,
          fedhas_altar_fruit_tree, hangedman_abyss_or_decor_stagger,
          amcnicky_mini_pool_small, hangedman_decor_opposing
D:6:      corexii_shantytown, layout_layer_cave, okawaru_gym_becter,
          cheibrodos_sewer_entry_bend, st_stairs_5, grunt_ministairs_2
D:7:      kennysheep_seaside_town, layout_basic,
          chequers_temple_overflow_statue_of_worship, minmay_temple_entry_arrows
D:8:      kennysheep_windowed_halls, layout_basic, enter_ossuary_1,
          minmay_misc_feat_roman
D:9:      minmay_separated_statues, layout_cave_pools,
          pdpol_wu_jian_five_deadly_venoms, hellmonk_lair_entry_icy,
          nzn_random_ring, uniq_pikel
D:10:     layout_basic, enter_bailey_5, uniq_harold, uniq_psyche
D:11:     layout_basic, orc_0_dummy
D:12:     layout_loops_cross, gauntlet_entry_generic, minmay_hedge_maze,
          uniq_frances, uniq_erolcha
D:13:     layout_gridville, serial_shops, nicolae_shop_dealshenge, uniq_rupert
D:14:     layout_basic, grunt_vaults_entry_tiered, minmay_strange_pillars,
          ashenzari_conservatory_becter
D:15:     grunt_enter_depths_hoard, layout_loops_cross,
          chequers_serial_rivers_small_b
Temple:   hellmonk_temple_beads
Lair:1:   layout_gridlike, columned_hall_lemuel, minmay_holes,
          cheibrodos_lair_reptile_den
Lair:2:   layout_misc_corridors, minmay_shoals_entry_hut,
          maelrawn_ghost_gauntlet_escape,
          hellmonk_guarded_unrand_seven_league_boots, grunt_megastairs_2
Lair:3:   layout_chaotic_city, dummy_snake_entry, nicolae_volcano_entry_s_turn,
          st_stairs_12, grunt_forest_small_clearing_treed
Lair:4:   layout_cave_pods, ice2_lemuel
Lair:5:   hellmonk_lair_end_abyssal_woods, layout_small_grid, slime_entry_2,
          lemuel_fruit_tree
Shoals:1: nicolae_shoals_lighthouse, layout_shoals, uniq_kirke, uniq_roxanne
Shoals:2: layout_shoals, serial_shops, shop
Shoals:3: nicolae_shoals_island_circles, layout_shoals,
          nicolae_shoals_circle_sea_wall, uniq_nikola
Shoals:4: shoals_end_hangedman, layout_shoals
Snake:1:  layout_layer_cave, portal_ice_cave_entry_pillars_1, serial_shops,
          nicolae_shop_getting_attention, nicolae_snake_gridmaze_waves,
          uniq_donald, uniq_aizul
Snake:2:  layout_misc_corridors
Snake:3:  layout_layer_cave
Snake:4:  hellmonk_snake_rune_quicksilver_temple, layout_cave_town, uniq_louise
Orc:1:    layout_caves
Orc:2:    st_orc_congregation, layout_caves, serial_shops, shop, basic_altar,
          led_sif_book, uniq_jorgrun
Elf:1:    eino_elf_arrival_customs, layout_geoelf_grid,
          minmay_elf_crystal_hexagon, st_stairs_6, minmay_elf_necromancy
Elf:2:    nicolae_elf_blades_crystal_corner, layout_gridlike, uniq_zenata,
          uniq_azrael
Elf:3:    grunt_elf_hall_asides, layout_geoelf_castle, serial_co_window_serial,
          co_window_paths_b, co_window_corner_a, co_window_paths_a,
          co_window_corner_a, co_window_corner_a, co_window_paths_c,
          co_window_paths_c, co_window_corner_cb, co_window_paths_c,
          co_window_paths_e, glass_columns_a, glass_columns_a, serial_shops,
          shop, enter_trove_2
Vaults:1: v_pattern_1, vaults_standard_mumra_enter_the_diamond,
          ontoclasm_vaults_idyll, vaults_standard_mumra_enter_the_diamond,
          vaults_room_pools, nicolae_vaults_tangram_2,
          nicolae_vaults_enemy_cabinets, nicolae_vaults_house_1,
          vaults_mumra_minichess_inversion, layout_vaults_maze_snakey,
          serial_shops, nicolae_shop_waterfront
Vaults:2: portal_desolation_entry_ruin, hangedman_vaults_restitches,
          vaults_room_fancy_cross, nicolae_vaults_weapon_check,
          nicolae_vaults_theta, nicolae_vaults_swerve,
          nicolae_vaults_little_squares_2, v_misc_33,
          nicolae_vaults_big_angled_halls, dpeg_vaults_hating_casters,
          vaults_room_door_hall, ontoclasm_vaults_twist,
          vaults_room_stairs_pillars, layout_vaults_omnicross, serial_shops,
          nicolae_shop_hallway_stairs
Vaults:3: dpeg_vaults_monster_row, vaults_room_semicircle, v_misc_15,
          nicolae_vaults_sightless_eye, nicolae_vaults_network_barrier,
          vaults_dpeg_encased_lava, nicolae_vaults_tetromino_L_1,
          ontoclasm_vaults_loading_screen, ontoclasm_vaults_gateway,
          nicolae_vaults_trapezoid_lopsided_3,
          vaults_room_grunt_arrival_checkpoint, layout_vaults_omnigrid,
          minmay_crypt_entry_nasty_monster
Vaults:4: vaults_mumra_hexcomb, nicolae_vaults_trapezoid_lopsided_4, v_misc_11,
          hangedman_vaults_stream, nicolae_vaults_trapezoid_layered,
          nicolae_vaults_heist, layout_vaults_ring, serial_shops,
          nicolae_shop_back_alley_shop, uniq_mara, uniq_mennas, uniq_margery
Vaults:5: serial_shops
Crypt:1:  hangedman_staggered_hall, layout_chaotic_city, mu_enter_wizlab_7,
          gammafunk_ghost_cemetery
Crypt:2:  layout_misc_corridors, serial_glass, glass_columns_a, glass_columns_a,
          st_stairs_4, door_vault
Crypt:3:  due_elkab, layout_chaotic_city
Depths:1: layout_forbidden_donut, abyss_entry, minmay_misc_feat_x,
          grunt_hell_entry_dis_grunt, kennysheep_generic_room_13
Depths:2: minmay_five_octagons, layout_gridlike, nicolae_titane, pan_entry,
          lightli_too_deep
Depths:3: hangedman_arrow_trap, layout_small_grid, serial_shops,
          nicolae_shop_gibbet_a_chance, nicolae_abyss_entry_one_way_or_another,
          hangedman_decor_push, pf_coc_iceberg, minmay_misc_feat_ornament,
          grunt_ministairs_7
Depths:4: evilmike_zot_entry_round, layout_gridlike, enter_ziggurat_d,
          pan_entry, serial_shops, nicolae_shop_window_shopping, hell_entry,
          grunt_ministairs_3, uniq_jory, uniq_xtahua, uniq_saint_roka
Zot:1:    layout_gridlike, grunt_megastairs_5
Zot:2:    layout_misc_corridors
Zot:3:    layout_onion_interference, st_small_dragon_hoard_4,
          amethyst_zot_foddershock
Zot:4:    layout_gridlike, nicolae_transporter_intersection
Zot:5:    layout_misc_corridors

Skill      XL: |  1  2  3  4  5  6  7  8  9 10 11 12 13 14 15 16 17 18 19 20 21 22 23 24 25 26 27 |
---------------+----------------------------------------------------------------------------------+-----
Earth Magic    | 3 4 5 6 7 9 10 11 12 14 | 14.9
Spellcasting   | 2 3 5 7 8 9 10 11 14 | 14.9
Evocations     | 1 2 4 5 7 9 10 13 14 | 14.9
Transmutations | 1 3 4 5 9 11 14 | 14.9
Fighting       | 1 3 4 5 6 9 10 11 12 13 14 | 14.9
Conjurations   | 3 5 7 8 10 12 14 | 14.9
Dodging        | 2 3 4 6 7 |  7.6
Shields        | 3 5 7 9 10 13 14 | 14.9
Staves         | 2 5 9 12 14 | 14.9
Air Magic      | 3 |  3.1
Poison Magic   | 2 |  2.6
Armour         | 1 2 4 |  4.1
Hexes          | 4 |  4.6
Fire Magic     | 2 4 6 |  6.1
Throwing       | 4 7 |  7.4
Translocations | 2 6 |  6.3
Summonings     | 6 11 13 14 | 14.7
Necromancy     | 1 9 13 14 | 14.7
Stealth        | 3 |  3.7

Action                     |  1- 3 |  4- 6 |  7- 9 | 10-12 | 13-15 | 16-18 | 19-21 | 22-24 | 25-27 || total
---------------------------+-------+-------+-------+-------+-------+-------+-------+-------+-------++-------
  Melee: Spear             |     4 |    26 |     5 |       |       |       |       |       |       ||    35
         Tailslap          |     1 |     4 |     1 |     2 |    38 |    13 |    48 |    41 |    26 ||   174
         Punch             |       |     1 |       |       |       |       |       |       |       ||     1
         Staff             |       |       |     3 |    26 |   137 |    46 |   139 |   166 |   135 ||   652
  Throw: Dart              |       |       |       |     4 |     6 |     3 |     1 |     1 |       ||    15
         Throwing net      |       |       |       |       |     5 |     3 |     3 |     2 |       ||    13
   Cast: Sandblast         |    60 |    73 |   215 |   134 |     8 |       |       |       |       ||   490
         Stone Arrow       |       |     2 |    64 |   331 |   822 |   352 |   147 |    29 |       ||  1747
         Mephitic Cloud    |       |       |       |    24 |     5 |     2 |       |       |       ||    31
         Passwall          |       |       |       |       |     9 |       |     2 |       |     2 ||    13
         Iskenderun's Batt |       |       |       |       |   102 |    79 |       |       |       ||   181
         Irradiate         |       |       |       |       |     4 |   111 |   105 |    90 |    78 ||   388
         Fulminant Prism   |       |       |       |       |       |     7 |       |       |       ||     7
         Fireball          |       |       |       |       |       |   278 |   149 |   108 |    78 ||   613
         Lehudib's Crystal |       |       |       |       |       |     3 |   255 |   402 |   289 ||   949
         Yara's Violent Un |       |       |       |       |       |       |    26 |    22 |    12 ||    60
         Iskenderun's Myst |       |       |       |       |       |       |     5 |    15 |    10 ||    30
         Orb of Destructio |       |       |       |       |       |       |       |     2 |       ||     2
         Lee's Rapid Decon |       |       |       |       |       |       |       |    41 |    11 ||    52
         Spellforged Servi |       |       |       |       |       |       |       |     4 |    58 ||    62
         Sublimation of Bl |       |       |       |       |       |       |       |       |    25 ||    25
         Apportation       |       |       |       |       |       |       |       |       |     3 ||     3
 Invoke: Curse Item        |       |       |     1 |     5 |     5 |     1 |     5 |     1 |       ||    18
         Shatter the Chain |       |       |       |     1 |     1 |     1 |     4 |     1 |       ||     8
  Evoke: Wand              |       |     2 |     2 |    10 |    21 |    32 |    14 |    12 |    26 ||   119
         Condenser vane    |       |       |       |     4 |     7 |     6 |     5 |     7 |     3 ||    32
         Phial of floods   |       |       |       |       |     1 |     3 |     5 |     2 |       ||    11
         Phantom mirror    |       |       |       |       |       |     4 |     3 |     1 |     1 ||     9
         Lightning rod     |       |       |       |       |       |    13 |    23 |    23 |    12 ||    71
         Box of beasts     |       |       |       |       |       |     1 |     2 |       |     1 ||     4
    Use: Scroll            |     4 |     1 |     7 |     8 |    17 |     8 |    10 |     8 |    10 ||    73
         Potion            |       |       |       |     3 |    16 |    14 |     4 |     4 |    13 ||    54
   Stab: Paralysed         |       |    13 |       |       |     2 |     1 |       |       |       ||    16
         Sleeping          |       |     1 |       |       |     2 |       |       |       |       ||     3
         Invisible         |       |       |       |       |     1 |       |       |       |       ||     1
         Confused          |       |       |       |       |     4 |       |       |       |       ||     4
         Distracted        |       |       |       |       |       |       |     2 |       |     3 ||     5
 Armour: Robe              |     2 |     6 |    28 |    38 |    90 |    91 |    97 |    79 |    81 ||   512
  Dodge: Dodged            |     5 |    12 |    65 |   140 |   361 |   197 |   167 |   157 |   179 ||  1283
  Block: Other             |     2 |     9 |     9 |       |       |       |       |       |       ||    20
         Reflection        |       |       |     1 |       |       |       |    10 |    32 |     8 ||    51
         Buckler           |       |       |       |    57 |   159 |   128 |    35 |       |       ||   379
         Kite shield       |       |       |       |       |       |       |   206 |   292 |   308 ||   806

Table legend: (Time is in decaauts)
 A = Elapsed time spent in this place.
 B = Non-inter-level travel time spent in this place.
 C = Inter-level travel time spent in this place.
 D = Time resting spent in this place.
 E = Time spent auto-exploring this place.
 F = Levels seen in this place.
 G = Mean time per level.
                   A        B        C        D        E       F      G
               +--------+--------+--------+--------+--------+-----+--------+
         Total | 118840 | 109234 |   9606 |  17316 |  72996 |  61 | 1948.2 |
       Dungeon |  29531 |  26034 |   3497 |   3089 |  19352 |  15 | 1968.7 |
        Temple |    138 |     98 |     40 |      0 |     89 |   1 |  138.0 |
          Lair |  14169 |  12798 |   1371 |   2524 |   8755 |   5 | 2833.8 |
        Shoals |   8791 |   8414 |    377 |   1213 |   5847 |   4 | 2197.8 |
     Snake Pit |   9967 |   9631 |    336 |    589 |   7575 |   4 | 2491.8 |
  Orcish Mines |   3860 |   3098 |    762 |    186 |   2299 |   2 | 1930.0 |
   Elven Halls |   8734 |   7975 |    759 |   1866 |   4796 |   3 | 2911.3 |
        Vaults |  13046 |  12125 |    921 |   2465 |   7037 |   5 | 2609.2 |
         Crypt |   4534 |   4361 |    173 |    129 |   3035 |   3 | 1511.3 |
        Depths |   7914 |   7325 |    589 |    239 |   5947 |   4 | 1978.5 |
           Zot |  10672 |   9894 |    778 |   3332 |   4758 |   5 | 2134.4 |
         Abyss |    161 |    161 |      0 |      0 |      0 |   1 |  161.0 |
         Trove |     52 |     52 |      0 |      0 |      6 |   1 |   52.0 |
         Sewer |    851 |    851 |      0 |      0 |    720 |   1 |  851.0 |
       Ossuary |    365 |    365 |      0 |      0 |    284 |   1 |  365.0 |
        Bailey |   1544 |   1544 |      0 |    519 |    783 |   1 | 1544.0 |
      Ice Cave |    285 |    285 |      0 |     89 |    125 |   1 |  285.0 |
       Volcano |    672 |    672 |      0 |    141 |    338 |   1 |  672.0 |
        Wizlab |   1374 |   1374 |      0 |    188 |    732 |   1 | 1374.0 |
    Desolation |   1607 |   1607 |      0 |    706 |    166 |   1 | 1607.0 |
      Gauntlet |    563 |    563 |      0 |     40 |    351 |   1 |  563.0 |
               +--------+--------+--------+--------+--------+-----+--------+

Top non-repeatable levels by time:
Vaults:5: 4909 daAuts
  Lair:5: 4233 daAuts
   Zot:5: 4153 daAuts
 Snake:4: 3728 daAuts
   Elf:2: 3232 daAuts
Shoals:1: 3105 daAuts
  Lair:2: 3094 daAuts
     D:8: 3059 daAuts
   Elf:1: 3037 daAuts
     D:9: 2894 daAuts
Depths:4: 2623 daAuts
Vaults:3: 2599 daAuts
 Snake:3: 2581 daAuts
   Elf:3: 2463 daAuts
   Orc:2: 2411 daAuts
